 Dungeon Crawl Stone Soup version 0.30.0-29-ga12c61a403 (webtiles) character file.

Game seed: 12951649770465983801

106 qw the Chopper (level 4, 0/28 HPs)
             Began as a Gargoyle Fighter on June 2, 2023.
             Slain by Sigmund
             ... wielding a +0 scythe
              (2 damage)
             ... on level 3 of the Dungeon.
             The game lasted 00:01:06 (2160 turns).

qw the Chopper (Gargoyle Fighter)                   Turns: 2160, Time: 00:01:06

Health: 0/28       AC: 10    Str: 21    XL:     4   Next: 84%
Magic:  4/4        EV:  9    Int:  9    God:
Gold:   85         SH:  4    Dex:  9    Spells: 3/3 levels left

rFire   . . .        Y - +0 war axe
rCold   . . .        c - +0 buckler
rNeg    + . .        b - +0 scale mail
rPois   inf          (no helmet)
rElec   +            (no cloak)
rCorr   .            (no gloves)
SInv    .            (no boots)
Will    .....        (no amulet) Stlth
                     (no ring)
HPRegen 0.24/turn    (no ring)
MPRegen 0.09/turn

%: no passive effects
@: no status effects
A: sickness immunity, AC +3, negative energy resistance 1, electricity
resistance, torment resistance 1, petrification resistance
a: no special abilities


You were on level 3 of the Dungeon.
You visited 1 branch of the dungeon, and saw 3 of its levels.

You collected 85 gold pieces.


Innate Abilities, Weirdness & Mutations

You are immune to sickness and miasma.
Your stone body is resilient. (AC +3)
You are immune to poison.
You resist negative energy. (rN+)
You are resistant to electric shocks. (rElec)
You are resistant to unholy torment.
You are immune to petrification.


   Skills:
 - Level 3.2 Fighting
 + Level 4.4 Axes
 - Level 3.2 Armour
 - Level 3.2 Shields


You had 3 spell levels left.
You didn't know any spells.
Your spell library was empty.

Inventory:

Hand Weapons
 f - a +0 whip
 Y - a +0 war axe (weapon)
Armour
 b - a +0 scale mail (worn)
 c - a +0 buckler (worn)
Potions
 a - a potion of mutation {unknown}
 d - a potion of might
 g - a potion of degeneration {unknown}
 h - a potion of flight {unknown}

Dungeon Overview and Level Annotations

Branches:
Dungeon (3/15)

Altars:

Annotations:
D:3 Sigmund


Message History

Sigmund gestures at you while chanting. You resist with some effort.
Sigmund hits you but does no damage.
You hit Sigmund.
Sigmund is moderately wounded.
You hit Sigmund.
Sigmund is heavily wounded.
Sigmund casts a spell at you. The puff of flame hits you!
Sigmund hits you with a +0 scythe.
You hit Sigmund.
Sigmund is severely wounded.
Sigmund closely misses you.
You hit Sigmund but do no damage.
Sigmund is severely wounded.
You closely miss Sigmund.
Sigmund is severely wounded.
Sigmund hits you with a +0 scythe!
You closely miss Sigmund.
Sigmund is severely wounded.
Sigmund gestures wildly while chanting.
Sigmund flickers and vanishes!
Deactivating autopickup; reactivate with Ctrl-A.
You completely miss something.
You hear some strange, mumbled words.
You are confused.
Something hits you but does no damage.
You miss something. Something hits you but does no damage.
You closely miss something.
You bump into the rock wall.
Something hits you but does no damage.
You miss something. Something completely misses you. Something hits you!
You feel less confused. Something hits you but does no damage.
You barely miss something. Something hits you.
You hit something. Something hits you.
You die...

... ... .. ### .... ..
..###.......... +####.
...............
......##.##...........
..............##......
..............#.......
.........{....#.......
######..@#.##.#.......
+...#.##)).......
#........<.......
#...#.####.......
.......?..# ..>....
..#.......# ##.####
#.......# ...
#.######## ### #.


There were no monsters in sight!

Vanquished Creatures
  An orc wizard (D:3)
  An adder (D:2)
  2 worms (D:2)
  2 dart slugs
  4 orcs (D:3)
  5 ball pythons
  A bat (D:1)
  8 endoplasms
  5 giant cockroaches
  4 goblins (D:1)
  7 hobgoblins
  2 jackals (D:1)
  A frilled lizard (D:1)
  5 kobolds
  3 rats
51 creatures vanquished.

Notes
Turn   | Place    | Note
-------+----------+-------------------------------------------
     0 | D:1      | qw the Gargoyle Fighter began the quest for the Orb.
     0 | D:1      | Reached XP level 1. HP: 14/14 MP: 1/1
     0 | D:1      | 0 ||| qw: Version: 0.2-a-102-gdf20003
     0 | D:1      | 0 ||| qw: Game counter: 919
     0 | D:1      | 0 ||| qw: Always use a shield: true
     0 | D:1      | 0 ||| qw: God list: Okawaru
     0 | D:1      | 0 ||| qw: Allow faded altars: false
     0 | D:1      | 0 ||| qw: Do Orc after D:15 true
     0 | D:1      | 0 ||| qw: Do second Lair branch before Depths: true
     0 | D:1      | 0 ||| qw: Lair rune preference: random
     0 | D:1      | 0 ||| qw: Plans: Normal, Zot:1-4, Slime:5, God:TSO, Crypt,
                  | Tomb, Pan, Hells, Abyss, Win
     0 | D:1      | 0 ||| PLANNING D:1-11
    16 | D:1      | Reached skill level 2 in Axes
    34 | D:1      | 34 ||| READING scroll labelled ARIEKU IJALAECH.
    35 | D:1      | 35 ||| READING scroll labelled SUHISI QUEMI.
    43 | D:1      | Reached XP level 2. HP: 19/19 MP: 2/2
   330 | D:1      | Reached skill level 3 in Axes
   354 | D:1      | 354 ||| Stepping ~*~*~tactically~*~*~ (stealth).
   357 | D:1      | 357 ||| Stepping ~*~*~tactically~*~*~ (hiding).
   358 | D:1      | 358 ||| Stepping ~*~*~tactically~*~*~ (hiding).
   483 | D:1      | Reached XP level 3. HP: 23/23 MP: 3/3
  1173 | D:1      | 1173 ||| READING scroll labelled XIWNUDATUPT.
  1174 | D:1      | 1174 ||| READING scroll labelled BUUKLU TEPYO.
  1175 | D:1      | 1175 ||| READING scroll labelled OPE KUMUOSECEO.
  1263 | D:2      | 1263 ||| Stepping ~*~*~tactically~*~*~ (stealth).
  1264 | D:2      | 1264 ||| Stepping ~*~*~tactically~*~*~ (stealth).
  1281 | D:2      | 1281 ||| Stepping ~*~*~tactically~*~*~ (stealth).
  1282 | D:2      | 1282 ||| Stepping ~*~*~tactically~*~*~ (stealth).
  1427 | D:2      | Reached XP level 4. HP: 28/28 MP: 4/4
  1473 | D:2      | 1473 ||| Stepping ~*~*~tactically~*~*~ (stealth).
  1874 | D:2      | Reached skill level 4 in Axes
  1976 | D:2      | 1976 ||| DRINKING 2 sapphire potions.
  2081 | D:2      | 2081 ||| DROPPING potion of berserk rage.
  2092 | D:3      | Noticed Sigmund
  2093 | D:3      | 2093 ||| Stepping ~*~*~tactically~*~*~ (stealth).
  2133 | D:3      | 2133 ||| Stepping ~*~*~tactically~*~*~ (hiding).
  2138 | D:3      | 2138 ||| Stepping ~*~*~tactically~*~*~ (hiding).
  2139 | D:3      | 2139 ||| Stepping ~*~*~tactically~*~*~ (hiding).
  2140 | D:3      | 2140 ||| Stepping ~*~*~tactically~*~*~ (hiding).
  2141 | D:3      | 2141 ||| Stepping ~*~*~tactically~*~*~ (hiding).
  2156 | D:3      | HP: 4/28 [something (8)]
  2160 | D:3      | Slain by Sigmund

Levels and vault maps discovered:
D:1:      lightli_arrival_maybe_door_vault, layout_basic, nicolae_eternal_life
D:2:      layout_basic
D:3:      layout_basic, lemuel_round_altar, minitemple, serial_shops, shop,
          eino_tiny_chamber, columned_hall_lemuel, uniq_grinder, uniq_natasha,
          uniq_sigmund

Skill      XL: |  1  2  3  4 |
---------------+-------------+-----
Axes           | 2 3 4 |  4.4
Fighting       | |  3.2
Armour         | |  3.2
Shields        | |  3.2

Action                     |  1- 3 |  4- 6 || total
---------------------------+-------+-------++-------
  Melee: War axe           |   108 |    66 ||   174
    Use: Scroll            |     5 |       ||     5
         Potion            |       |     1 ||     1
 Armour: Scale mail        |    60 |    39 ||    99
  Dodge: Dodged            |    41 |    20 ||    61
  Block: Buckler           |    23 |    11 ||    34

Table legend:
 A = Non-vault XP
 B = Vault XP
 C = Vault XP percentage of total XP
 D = Non-vault monster count
 E = Vault monster count
 F = Vault count percentage of total count
                 A         B        C        D         E       F
            +---------+---------+-------+---------+---------+-------
      Total |     152 |       0 |   0.0 |      51 |       0 |   0.0
            +---------+---------+-------+---------+---------+-------
        D:1 |      61 |       0 |   0.0 |      32 |       0 |   0.0
        D:2 |      38 |       0 |   0.0 |      12 |       0 |   0.0
        D:3 |      53 |       0 |   0.0 |       7 |       0 |   0.0
            +---------+---------+-------+---------+---------+-------
